 Dungeon Crawl Stone Soup version 0.28-a0-653-g7e9dba17c3 (webtiles) character file.

Game seed: 1879927843547525737

5 keeta the Skirmisher (level 1, -2/14 HPs)
             Began as a Gargoyle Monk on Oct 12, 2021.
             Slain by a kobold (4 damage)
             ... on level 1 of the Dungeon.
             The game lasted 00:00:53 (133 turns).

keeta the Skirmisher (Gargoyle Monk)                 Turns: 133, Time: 00:00:54

Health: -2/14      AC:  4    Str: 14    XL:     1   Next: 80%
Magic:  1/1        EV: 12    Int: 10    God:
Gold:   23         SH:  0    Dex: 12    Spells: 0/0 levels left

rFire   . . .      SeeInvis .   a - +0 mace
rCold   . . .      Faith    .   (no shield)
rNeg    + . .      Spirit   .   b - +0 robe
rPois   ∞          Reflect  .   (no helmet)
rElec   +          Harm     .   (no cloak)
rCorr   .          Rampage  .   (no gloves)
Will    .....                   (no boots)
Stlth   ++........              (no amulet)
HPRegen 0.04/turn               (no ring)
MPRegen 0.07/turn               (no ring)

@: no status effects
A: sickness immunity, AC +2, negative energy resistance 1, electricity
resistance, torment resistance 1, petrification resistance
a: no special abilities


You were on level 1 of the Dungeon.
You visited 1 branch of the dungeon, and saw 1 of its levels.

You collected 23 gold pieces.

Inventory:

Hand Weapons
 a - a +0 mace (weapon)
 c - a +0 long sword of draining
Armour
 b - a +0 robe (worn)


   Skills:
 + Level 3.5 Fighting
 + Level 3.1 Maces & Flails
 + Level 2.4 Dodging
 + Level 2.2 Stealth


You couldn't memorise any spells.
You didn't know any spells.
Your spell library was empty.

Dungeon Overview and Level Annotations

Branches:
Dungeon (1/15)

Altars:


Innate Abilities, Weirdness & Mutations

You are immune to sickness and miasma.
Your stone body is resilient. (AC +2)
You are immune to poison.
You resist negative energy. (rN+)
You are resistant to electric shocks. (rElec)
You are resistant to unholy torment.
You are immune to petrification.


Message History

You kill the bat!
You see here a ball python corpse.
You now have 23 gold pieces (gained 4).
There are no items here.
HP restored.
An endoplasm comes into view.
Found a glowing long sword.
Found a stone staircase leading down.
The helpless endoplasm fails to defend itself.
You hit the endoplasm.
The endoplasm is lightly wounded.
The endoplasm hits you.
You hit the endoplasm.
The endoplasm is almost dead.
The endoplasm hits you but does no damage.
You hit the endoplasm.
You kill the endoplasm!
A frilled lizard and a kobold come into view.
The kobold shouts!
You hear a shout!
You hear an angry hiss.
A kobold comes into view. It is wielding a +0 short sword.
The kobold throws a stone.
The stone barely misses you.
You see here a +0 long sword of draining.
c - a +0 long sword of draining The kobold throws a stone.
The stone hits you but does no damage. The kobold hits you with a +0 whip.
The frilled lizard bites you but does no damage.
The kobold completely misses you.
You closely miss the frilled lizard. The frilled lizard barely misses you.
You miss the frilled lizard.
The frilled lizard bites you but does no damage.
You sock the frilled lizard!
You kill the frilled lizard!
You barely miss the kobold.
The kobold throws a stone.
The stone barely misses you. The kobold hits you with a +0 whip.
The kobold hits you with a +0 short sword.
The kobold hits you with a +0 whip.
* * * LOW HITPOINT WARNING * * *
You thump the kobold!
You kill the kobold!
The kobold hits you with a +0 whip.
You die...

..####+##.##'#####
# ...............#
#######..#######
#†.# ###..# #....#
#..### #K.# ##@# #
####)# ##. #....#
#...###.##.#
#..........#
#....#.#...##
##..........##
#.#.#.#.#...#
......>....#....


You could see a kobold.

Vanquished Creatures
  A ball python (D:1)
  A bat (D:1)
  An endoplasm (D:1)
  A kobold (D:1)
  2 frilled lizards (D:1)
6 creatures vanquished.

Notes
Turn   | Place    | Note
-------+----------+-------------------------------------------
     0 | D:1      | keeta the Gargoyle Monk began the quest for the Orb.
     0 | D:1      | Reached XP level 1. HP: 14/14 MP: 1/1
   133 | D:1      | Slain by a kobold

Illustrated notes

Levels and vault maps discovered:
D:1:      sevenhm_arrival_forest_fort_large_1, layout_rooms,
          shapermc_ecumenical_altar_rom_forum, st_stairs_2

Action                   || total
-------------------------++-------
Melee: Mace              ||    16
 Stab: Sleeping          ||     1
Armor: Robe              ||     7
Dodge: Dodged            ||    16

Table legend: (Time is in decaauts)
 A = Elapsed time spent in this place.
 B = Non-inter-level travel time spent in this place.
 C = Inter-level travel time spent in this place.
 D = Time resting spent in this place.
 E = Time spent auto-exploring this place.
 F = Levels seen in this place.
 G = Mean time per level.
                   A        B        C        D        E       F      G
               +--------+--------+--------+--------+--------+-----+--------+
         Total |    137 |    137 |      0 |      0 |     19 |   1 |  137.0 |
       Dungeon |    137 |    137 |      0 |      0 |     19 |   1 |  137.0 |
               +--------+--------+--------+--------+--------+-----+--------+

Top non-repeatable levels by time:
     D:1: 137 daAuts
